 Dungeon Crawl Stone Soup version 0.20-a0-709-gd40821f (webtiles) character file.

41 esteth the Changer (level 3, 0/26 HPs)
             Began as a Merfolk Transmuter on Feb 21, 2017.
             Slain by a kobold
             ... wielding a +0 short sword
              (5 damage)
             ... on level 2 of the Dungeon.
             The game lasted 00:04:14 (1640 turns).

esteth the Changer (Merfolk Transmuter)             Turns: 1640, Time: 00:04:15

Health: 0/26       AC:  2    Str: 10    XL:     3   Next: 52%
Magic:  2/6        EV: 13    Int: 13    God:
Gold:   94         SH:  0    Dex: 14    Spells: 3/6 levels left

rFire    . . .     SeeInvis .     - Unarmed
rCold    + . .     Gourm    .   b - +0 robe
rNeg     . . .     Faith    .   (no shield)
rPois    .         Spirit   .   (no helmet)
rElec    .         Reflect  .   (no cloak)
rCorr    .         Harm     .   (no gloves)
MR       .....                  (no boots)
Stlth    +.........             (no amulet)
Regen    0.1/turn               (no ring)
MPRegen  0.1/turn               f - ring of protection from cold

@: no status effects
A: change form in water, swift swim, stealthy swim
a: no special abilities


You were on level 2 of the Dungeon.
You were hungry.

You visited 1 branch of the dungeon, and saw 2 of its levels.

You collected 94 gold pieces.

Inventory:

Missiles
 a - 40 arrows (quivered)
Armour
 b - a +0 robe (worn)
Jewellery
 f - a ring of protection from cold (left hand)
Scrolls
 e - a scroll of teleportation {unknown}
 i - a scroll of remove curse
Books
 c - a book of Changes

   Spells                             Type                      Level
   a - Beastly Appendage              Transmutation                1
   b - Sticks to Snakes               Transmutation                2
   c - Spider Form                    Transmutation/Poison         3
   d - Ice Form                       Ice/Transmutation            4
   e - Blade Hands                    Transmutation                5
Comestibles
 d - 2 bread rations
 h - a royal jelly


   Skills:
 + Level 1.1 Fighting
 - Level 2.6 Dodging
 - Level 4.0 Unarmed Combat
 - Level 2.0 Spellcasting
 - Level 4.2 Transmutations


You had 3 spell levels left.
You knew the following spells:

 Your Spells              Type           Power        Failure   Level  Hunger
a - Beastly Appendage     Tmut           ##....       6%          1    ##.....
b - Sticks to Snakes      Tmut           ##......     10%         2    ###....


Dungeon Overview and Level Annotations

Branches:
Dungeon (2/15)

Altars:


Message History

You are too injured to fight recklessly!
You are too injured to fight recklessly!
You barely miss the kobold. The kobold hits you but does no damage.
You barely miss the kobold. The kobold hits you with a short sword.
* * * LOW HITPOINT WARNING * * *
Casting: Sticks to Snakes
Confirm with . or Enter, or press ? or * to list all spells.
You create a snake!
You now have 41 arrows.
The kobold hits you with a short sword.
* * * LOW HITPOINT WARNING * * *
You swap places.
Your ball python barely misses the kobold. x2
The kobold throws a stone.
The stone hits your ball python.
Your ball python dies!
You see here a robe.
Casting: Sticks to Snakes
Confirm with . or Enter, or press ? or * to list all spells.
You create a snake!
You now have 40 arrows.
The kobold hits you with a short sword.
You die...

..# ###########.#
#....).<..#.#
#.###...#.#.#
#.#.....#.#.#
#.#...#...#.#
######.#.###.###.#
#....#.).#######K#
#.##.###.#....S@[#
##.##.###.#.#######
...##<....#.#
.#####.#....# .#
#.#.#### .#
##......# .#
#.......# .#
#.###...# .# #.
#...#


You could see a kobold and a friendly ball python.

Vanquished Creatures
  A dart slug (D:1)
  A ball python (D:1)
  2 giant cockroaches (D:1)
  6 goblins
  2 hobgoblins
  2 jackals (D:2)
  A quokka (D:2)
  7 bats
  2 frilled lizards
  2 kobolds
  3 rats
29 creatures vanquished.

Vanquished Creatures (collateral kills)
  An adder (D:2)
  2 jackals (D:2)
3 creatures vanquished.

Grand Total: 32 creatures vanquished

Notes
Turn   | Place    | Note
-------+----------+-------------------------------------------
     0 | D:1      | esteth the Merfolk Transmuter began the quest for the Orb.
     0 | D:1      | Reached XP level 1. HP: 15/15 MP: 3/3
   217 | D:1      | Reached XP level 2. HP: 16/21 MP: 5/5
   315 | D:1      | Learned a level 2 spell: Sticks to Snakes
   832 | D:2      | Reached XP level 3. HP: 12/26 MP: 1/6
  1640 | D:2      | Slain by a kobold

Vault maps used:
D:1:      dpeg_arrival_windows_large_door, minmay_misc_feat_columns
D:2:      first_bread, minmay_misc_feat_ornament, minivault_5,
          minmay_hexomino_f4

Skill      XL: |  1  2  3 |
---------------+----------+-----
Unarmed Combat | 4 |  4.0
Transmutations | 3 4 |  4.2
Fighting       | |  1.1
Dodging        | |  2.6
Spellcasting   | |  2.0

Action                   || total
-------------------------++-------
Melee: Unarmed           ||   113
       Punch             ||     2
 Cast: Sticks to Snakes  ||     5
  Use: Potion            ||     1
       Scroll            ||     4
 Stab: Sleeping          ||     1
  Eat: Chunk             ||     2
Armor: Robe              ||    20
Dodge: Dodged            ||    90
